 Dungeon Crawl Stone Soup version 0.31.0-9-g3a7656b989 (webtiles) character file.

Game seed: 1603495008178060795

194967 GordonOverkill the Severer (level 18, -3/163 HPs)
             Began as a Hill Orc Cinder Acolyte on Feb 1, 2024.
             Was a High Priest of Okawaru.
             Slain by a war gargoyle
             ... wielding a +5 morningstar of protection
              (67 damage)
             ... on level 1 of the Vaults.
             The game lasted 01:25:25 (54911 turns).

GordonOverkill the Severer (HOCA)                  Turns: 54911, Time: 01:25:25

Health: -3/163     AC: 29    Str: 25    XL:     18   Next: 32%
Magic:  40/41      EV:  9    Int: 12    God:    Okawaru [*****.]
Gold:   1121       SH: 17    Dex:  3    Spells: 19/19 levels left

rFire   . . .        Z - +4 broad axe (venom)
rCold   . . .        X - +0 tower shield
rNeg    . . .        K - +1 chain mail {Will+}
rPois   +            v - +2 helmet
rElec   .            W - +2 cloak {rCorr}
rCorr   +            g - +2 pair of gloves
SInv    .            k - +2 pair of boots
Will    ++...        (no amulet) Stlth
                     b - ring of Xugir {+Blink MP+9 Int-2 Dex-3 Slay+5}
HPRegen 0.47/turn    I - ring of poison resistance
MPRegen 0.27/turn

%: no passive effects
@: lethally poisoned (-3 -> -4), heroic
A: no striking features
}: 1/15 runes: decaying
a: Renounce Religion, Evoke Blink, Heroism, Finesse, Duel


You were on level 1 of the Vaults.
You worshipped Okawaru.
Okawaru was extremely pleased with you.
You visited 7 branches of the dungeon, and saw 30 of its levels.
You also visited: Ice Cave and Volcano.

You collected 3535 gold pieces.
You spent 2414 gold pieces at shops.

Inventory:

Hand Weapons
 z - a +1 war axe of flaming
 Z - a +4 broad axe of venom (weapon)
Missiles
 f - 52 poisoned darts
 m - 29 boomerangs (quivered)
 r - 4 javelins
 Q - 3 silver javelins
Armour
 g - a +2 pair of gloves (worn)
 i - the +0 pair of gloves "Cuxetec" {+Blink Fly rElec Will-}
   (You found it on level 3 of the Swamp)

   rElec:     It insulates you from electricity.
   Will-:     It decreases your willpower.
   Fly:       It grants you flight.
   +Blink:    It lets you blink.
 k - a +2 pair of boots (worn)
 v - a +2 helmet (worn)
 K - a +1 chain mail of willpower (worn)
 W - a +2 cloak of preservation (worn)
 X - a +0 tower shield (worn)
 Y - the +3 plate armour "Alage" {rF+}
   (You bought it in a shop on level 15 of the Dungeon)

   rF+:       It protects you from fire.
Jewellery
 a - a ring of protection from fire
 b - the ring of Xugir (left hand) {+Blink MP+9 Int-2 Dex-3 Slay+5}
   (You acquired it on level 6 of the Dungeon)

   [ring of magical power]

   Int-2:     It affects your intelligence (-2).
   Dex-3:     It affects your dexterity (-3).
   Slay+5:    It affects your accuracy & damage with ranged weapons and melee
   (+5).
   MP+9:      It affects your magic capacity (+9).
   +Blink:    It lets you blink.
 e - an amulet of regeneration
 w - a ring of willpower
 D - a ring of protection from cold
 F - the ring "Ren Juim" {Fire rPois MP+9 Dex+4}
   (You found it on level 5 of the Lair of Beasts)

   [ring of fire]

   Fire:      It enhances your fire magic.
   Dex+4:     It affects your dexterity (+4).
   rF+:       It protects you from fire.
   rC-:       It makes you vulnerable to cold.
   rPois:     It protects you from poison MP+9: It affects your magic capacity
   (+9).
 I - a ring of poison resistance (right hand)
 P - a ring of see invisible
Wands
 t - a wand of flame (23)
 x - a wand of iceblast (25)
 y - a wand of light (8)
 V - a wand of polymorph (11)
Scrolls
 c - 2 scrolls of enchant armour
 j - 6 scrolls of fog
 l - 3 scrolls of blinking
 s - 4 scrolls of revelation
 B - 13 scrolls of identify
 C - a scroll of noise {unknown}
 E - 9 scrolls of poison
 G - 4 scrolls of vulnerability
 H - 15 scrolls of teleportation
 L - 2 scrolls of silence
 N - 5 scrolls of immolation
 R - 6 scrolls of fear
Potions
 d - 5 potions of haste
 h - 6 potions of might
 n - 2 potions of cancellation
 o - a potion of enlightenment
 p - a potion of resistance
 q - 4 potions of heal wounds
 u - 4 potions of magic
 J - 11 potions of ambrosia
 M - a potion of invisibility
 S - 7 potions of curing
 U - 6 potions of mutation
Miscellaneous
 A - a condenser vane
 O - a phial of floods
 T - a lightning rod (4/4)


   Skills:
 - Level 15.0(20.0) Fighting
 - Level 20.0(25.0) Axes
 - Level 10.0(15.0) Armour
 - Level 10.0(15.0) Dodging
 + Level 14.0(19.0) Shields
 - Level 1.0 Spellcasting
 - Level 3.2 Fire Magic
 - Level 20.0 Invocations
 - Level 10.0 Evocations


You had 19 spell levels left.
You didn't know any spells.
Your spell library contained the following spells:

 Spells                   Type           Power      Damage    Failure   Level
 Scorch                   Fire           16%        2d5       56%         2
 Apportation              Tloc           0%         N/A       87%         1
 Freeze                   Ice            0%         1d3       87%         1
 Necrotise                Necr           0%         1d4       87%         1
 Slow                     Hex            0%         N/A       87%         1
 Sting                    Conj/Alch      0%         1d3       87%         1
 Cigotuvi's Dreadful Rot  Necr/Alch/Air  0%         N/A       95%         2
 Ensorcelled Hibernation  Hex/Ice        0%         N/A       95%         2
 Jinxbite                 Hex            0%         N/A       95%         2
 Lesser Beckoning         Tloc           0%         N/A       95%         2
 Volatile Blastmotes      Fire/Tloc      8%         2d10      95%         3
 Confusing Touch          Hex            0%         N/A       99%         3
 Frozen Ramparts          Ice            0%         1d1       99%         3
 Fugue of the Fallen      Necr           0%         N/A       99%         3
 Gell's Gravitas          Tloc           0%         N/A       99%         3
 Hailstorm                Conj/Ice       0%         3d5       99%         3
 Ozocubu's Armour         Ice            0%         N/A       99%         3
 Passwall                 Erth           0%         N/A       99%         3
 Sigil of Binding         Hex            0%         N/A       99%         3
 Stone Arrow              Conj/Erth      0%         3d7       99%         3
 Swiftness                Air            0%         N/A       99%         3
 Teleport Other           Tloc           0%         N/A       99%         3
 Vampiric Draining        Necr           0%         2d6       99%         3
 Dispel Undead            Necr           0%         3d6       100%        4
 Flame Wave               Conj/Fire      4%         2d5       100%        4
 Fulminant Prism          Conj/Alch      0%         3d5       100%        4
 Ignite Poison            Fire/Alch      4%         N/A       100%        4
 Iskenderun's Mystic Bla  Conj/Tloc      0%         2d3       100%        4
 Leda's Liquefaction      Alch/Erth      0%         N/A       100%        4
 Manifold Assault         Tloc           0%         N/A       100%        4
 Petrify                  Alch/Erth      0%         N/A       100%        4
 Sticky Flame             Fire/Alch      4%         2d4       100%        4
 Vhi's Electric Charge    Tloc/Air       0%         N/A       100%        4
 Alistair's Intoxication  Alch           0%         N/A       100%        5
 Arcjolt                  Conj/Air       0%         1d10      100%        5
 Iskenderun's Battlesphe  Conj           0%         2d6       100%        5
 Lee's Rapid Deconstruct  Erth           0%         3d4*      100%        5
 Metabolic Englaciation   Hex/Ice        0%         N/A       100%        5
 Bombard                  Conj/Erth      0%         9d1       100%        6
 Ignition                 Fire           4%         3d4       100%        8
 Lehudib's Crystal Spear  Conj/Erth      0%         10d2      100%        8
 Maxwell's Capacitive Co  Air            0%         ∞         100%        8
 Summon Small Mammal      Summ           Unusable   N/A       N/A         1
 Summon Ice Beast         Ice/Summ       Unusable   N/A       N/A         3
 Animate Armour           Summ/Erth      Unusable   N/A       N/A         4
 Martyr's Knell           Necr/Summ      Unusable   N/A       N/A         4
 Death Channel            Necr           Unusable   N/A       N/A         6
 Sculpt Simulacrum        Ice/Alch       Unusable   N/A       N/A         6
 Spellforged Servitor     Conj/Summ      Unusable   N/A       N/A         7

Dungeon Overview and Level Annotations

Branches:
Dungeon (15/15)            Temple (1/1) D:7            Lair (5/5) D:9
  Swamp (4/4) Lair:2        Snake (2/4) Lair:2        Slime (0/5) Lair:5
    Orc (2/2) D:10            Elf (0/3) Orc:2        Vaults (1/5) D:13
 Depths (0/4) D:15          IceCv (visited)         Volcano (visited)

Altars:
Ashenzari
Cheibriados
Dithmenos
Elyvilon
Fedhas
Gozag
Hepliaklqana
Kikubaaqudgha
Makhleb
Nemelex Xobeh
Okawaru
Qazlal
Ru
Sif Muna
Trog
Uskayaw
Vehumet
Wu Jian
Xom
Yredelemnul
Zin
The Shining One
Beogh
Jiyva

Shops:
D:2 [   D:10 (   D:15 ((*   Orc:2 ([*:   Snake:2 **(

Annotations:
D:5 1 runed translucent door, Crazy Yiuf
D:9 1 exclusion
D:12 3 runed translucent doors, Gottschkopf's ghost, journeyman DrSh
D:15 3 runed translucent doors, Tinttamiau's ghost, journeyman TrGl
Snake:2 Mlioglotl; Vashnia


Message History

The deep troll bites you but does no damage.
The deep troll barely misses you.
The deep troll claws you but does no damage.
You slice the deep troll!!
The deep troll looks as sick as possible!
The deep troll is severely wounded.
You feel sick.
The ironbound convoker casts a spell at the deep troll.
The deep troll seems to grow stronger.
The deep troll bites you.
* * * LOW HITPOINT WARNING * * *
The deep troll closely misses you. You block the deep troll's attack.
You hit the deep troll.
The deep troll looks as sick as possible!
The deep troll is severely wounded.
You feel sick. You block the deep troll's attack. x2
The deep troll claws you!
* * * LOW HITPOINT WARNING * * *
You gain the combat prowess of a mighty hero.
You feel sick. You block the deep troll's attack.
The deep troll claws you but does no damage.
You block the deep troll's attack.
You slash the ironbound convoker!
You kill the ironbound convoker!
Okawaru accepts your kill.
You hit the deep troll.
The deep troll looks as sick as possible!
You feel sick.
You kill the deep troll!
Okawaru accepts your kill.
The war gargoyle launches metal splinters at you.
The spray of metal splinters misses you.
Your base Shields skill increases to level 14!
An ironbound convoker comes into view. It is wielding a +0 flail.
You feel sick.
The war gargoyle hits you but does no damage.
The war gargoyle hits you with a +5 morningstar of protection.
* * * LOW HITPOINT WARNING * * *
You barely miss the war gargoyle.
You feel sick.
The war gargoyle hits you with a +5 morningstar of protection!!!
You die...

#####+### ###..
#.......# #..
###..###..### ##[
#...## ##...# ###'
#..## ##..# #...
#.## ##.# ### #...
#.# #.# ... #...
#.## ##.# .. #...
#..## ##)@#.# #...
#...## ##...9p#
#...
###..###..###(....#
#### #.......#
.....# #...
#######'#####
###########...
+...........#
#......#...
#...........#
#......#...
#...........#
#......#...
+...........#
#......#...


You could see a war gargoyle (strong) and an ironbound convoker (strong).

Vanquished Creatures
  Rupert (Orc:2)
  Agnes (D:15)
  2 thorn hunters
  A vault warden (Vaults:1)
  A very ugly thing (Vaults:1)
  2 orc warlords
  A formless jellyfish (Vaults:1)
  3 bunyips
  2 eleionomae (Swamp:3)
  Josephine (Orc:2)
  Snorg (D:14)
  A fire dragon (Volcano)
  2 shambling mangroves (Swamp:4)
  An ice dragon (Swamp:4)
  20 hydras
  A catoblepas (Lair:1)
  8 vault guards
  6 anacondas
  11 alligators
  3 ironbound frosthearts
  5 boulder beetles
  4 two-headed ogres
  4 centaur warriors
  17 death yaks
  4 naga warriors
  A naga sharpshooter (Snake:1)
  6 tengu warriors
  A deep troll earth mage (D:15)
  2 shock serpents
  6 spriggans
  4 orc high priests (Orc:2)
  2 skysharks
  A skeletal warrior (D:13)
  A naga ritualist (Snake:1)
  4 goliath frogs
  A deep troll (Vaults:1)
  4 spriggan druids
  7 mana vipers
  An arcanist (Vaults:1)
  7 bog bodies
  10 swamp dragons
  5 lindwurms
  3 ironbound convokers
  2 deep elf pyromancers (D:15)
  A harpy (shapeshifter) (D:15)
  8 orc knights
  5 orc sorcerers
  18 ugly things
  4 salamanders
  6 cyclopes
  3 manticores
  3 meliai (D:14)
  20 slime creatures
  2 vault sentinels (Vaults:1)
  6 elephants
  A guardian serpent (Snake:2)
  A meliai (shapeshifter) (D:15)
  2 smoke demons (Volcano)
  2 kobold blastminers (Orc:1)
  3 naga magi
  11 black mambas
  A gargoyle (D:11)
  2 ice statues (IceCv)
  27 cane toads
  7 rime drakes
  An unseen horror (D:12)
  A torpor snail (Lair:2)
  8 komodo dragons
  An unseen horror (shapeshifter) (D:12)
  A yaktaur (D:15)
  A kobold demonologist (D:9)
  3 tengu conjurers
  2 efreet
  6 hornets
  8 trolls
  3 polar bears
  A queen bee (D:14)
  16 tyrant leeches
  17 blink frogs
  4 dream sheep (Lair:2)
  2 shadows
  Sigmund (D:5)
  A fire bat (D:6)
  2 wyverns
  57 yaks
  Eustachio (D:5)
  20 fire elementals
  5 wargs
  8 wraiths
  6 steam dragons
  2 basilisks
  2 death yak simulacra (IceCv)
  12 vampire mosquitoes
  Menkaure (D:5)
  A harpy simulacrum (IceCv)
  14 swamp worms
  8 nagas
  A hell hound (Volcano)
  16 water moccasins
  6 ice beasts
  Duvessa (D:7)
  9 swamp drakes
  2 sky beasts
  38 orc warriors
  A black bear (D:6)
  8 ogres
  7 centaurs
  4 laughing skulls (D:14)
  21 wolves
  A phantom (D:5)
  A gnoll sergeant (D:7)
  19 bullfrogs
  A kobold brigand (D:8)
  2 scorpions
  3 wights (D:5)
  Dowan (D:7)
  20 killer bees (D:14)
  13 howler monkeys
  6 lava snakes
  2 bombardier beetles (D:4)
  3 hounds
  2 gnoll boudas
  23 orc priests
  4 jellies
  An iguana (D:5)
  36 orc wizards
  6 hell rats (Lair:2)
  2 wolf simulacra (IceCv)
  19 gnolls
  8 adders
  A shadow imp (D:6)
  A white imp (D:6)
  2 ufetubi (D:6)
  3 dart slugs
  4 ribbon worms
  115 orcs
  2 endoplasms
  3 giant cockroaches
  7 goblins
  5 hobgoblins
  A jackal (D:2)
  4 quokkas
  9 ball pythons
  4 bats
  2 frilled lizards (D:3)
  11 kobolds
  3 rats
984 creatures vanquished.

Vanquished Creatures (others)
  5 bloated husks
  A killer bee (D:14)
  131 foxfires
137 creatures vanquished.

Grand Total: 1121 creatures vanquished

Notes
Turn   | Place    | Note
-------+----------+-------------------------------------------
     0 | D:1      | GordonOverkill the Hill Orc Cinder Acolyte began the quest
                  | for the Orb.
     0 | D:1      | Reached XP level 1. HP: 19/19 MP: 2/2
   422 | D:1      | You fall into a shaft and drop 1 floor!
   472 | D:2      | Reached XP level 2. HP: 20/26 MP: 3/3
   519 | D:2      | Reached skill level 5 in Axes
   772 | D:2      | Reached XP level 3. HP: 24/31 MP: 4/4
  1532 | D:2      | Found Ebo Taits's Armour Boutique.
  1634 | D:2      | Reached XP level 4. HP: 39/39 MP: 5/5
  2282 | D:3      | Reached XP level 5. HP: 42/45 MP: 6/6
  3143 | D:3      | Found a hide-covered altar of Uskayaw.
  3271 | D:3      | Reached XP level 6. HP: 51/51 MP: 7/7
  3758 | D:4      | Found a shadowy altar of Dithmenos.
  4630 | D:4      | Found a bloodstained altar of Trog.
  4720 | D:4      | Found a stormy altar of Qazlal.
  4737 | D:4      | Found a sacrificial altar of Ru.
  4778 | D:4      | Reached skill level 10 in Axes
  4778 | D:4      | Reached XP level 7. HP: 48/58 MP: 8/8
  5223 | D:4      | Found a sparkling altar of Nemelex Xobeh.
  5419 | D:5      | Entered Level 5 of the Dungeon
  5419 | D:5      | Noticed Menkaure
  5423 | D:5      | Killed Menkaure
  5424 | D:5      | Reached skill level 5 in Fighting
  5424 | D:5      | Reached skill level 1 in Evocations
  6200 | D:4      | Reached skill level 1 in Armour
  6433 | D:5      | Noticed Eustachio
  6858 | D:5      | Reached XP level 8. HP: 51/68 MP: 9/9
  7028 | D:5      | Noticed Sigmund
  7562 | D:5      | Killed Eustachio
  7984 | D:5      | Killed Sigmund
  8292 | D:5      | Identified the +1 hammer of the Ghost {chaos, rPois rC-
                  | rN+}
  8299 | D:5      | Found a runed translucent door.
  8300 | D:5      | Noticed Crazy Yiuf
  8561 | D:6      | Reached XP level 9. HP: 62/74 MP: 10/10
  8670 | D:6      | Found a hazy altar of Hepliaklqana.
  8907 | D:6      | Found a blossoming altar of Fedhas.
  9235 | D:6      | Found a shimmering altar of Xom.
  9522 | D:6      | Reached skill level 15 in Axes
  9579 | D:6      | Found a broken altar of Ashenzari.
  9594 | D:6      | Identified the +7 flail of Superiority {drain, rF+}
  9736 | D:6      | Identified a scroll of acquirement
  9736 | D:6      | Acquired the ring of Xugir {+Blink MP+9 Int-2 Dex-3 Slay+5}
  9804 | D:7      | Found an iron altar of Okawaru.
 10012 | D:7      | Noticed Duvessa
 10012 | D:7      | Noticed Dowan
 10023 | D:7      | Killed Duvessa
 10028 | D:7      | Killed Dowan
 10390 | D:7      | Found a staircase to the Ecumenical Temple.
 10495 | D:7      | Reached skill level 1 in Shields
 11475 | D:7      | Reached XP level 10. HP: 71/81 MP: 11/11
 12005 | D:8      | Reached skill level 5 in Shields
 12233 | D:8      | Identified the +2 dagger of Ippeos {holy, rN+}
 12867 | D:9      | Noticed a two-headed ogre
 12876 | D:9      | Killed a two-headed ogre
 13006 | D:9      | Noticed a manticore
 13387 | D:9      | Reached skill level 10 in Fighting
 13412 | D:9      | Reached skill level 5 in Armour
 13412 | D:9      | Reached XP level 11. HP: 39/99 MP: 12/12
 14053 | D:9      | Found a staircase to the Lair.
 14198 | D:9      | Found a glowing golden altar of the Shining One.
 14599 | D:10     | Entered Level 10 of the Dungeon
 14603 | D:10     | Found a staircase to the Orcish Mines.
 14627 | D:10     | Found Hasia's Weapon Shop.
 15003 | D:10     | Noticed a two-headed ogre
 15009 | D:10     | Killed a two-headed ogre
 15167 | D:10     | Noticed a two-headed ogre
 15173 | D:10     | Killed a two-headed ogre
 15320 | D:10     | Reached skill level 10 in Armour
 15357 | D:10     | Reached skill level 1 in Dodging
 15524 | D:10     | Found an ornate altar of the Wu Jian Council.
 15556 | D:10     | Found a glowing silver altar of Zin.
 15556 | D:10     | Noticed an angel
 16076 | D:11     | Noticed a cyclops
 16089 | D:11     | Killed a cyclops
 16244 | D:11     | Paralysed by a hornet for 2 turns
 16777 | D:11     | Reached skill level 5 in Dodging
 16777 | D:11     | Reached XP level 12. HP: 106/106 MP: 13/13
 17448 | D:2      | Bought a +2 cloak of preservation for 279 gold pieces
 17453 | D:2      | Bought a +0 tower shield for 58 gold pieces
 17600 | Lair:1   | Entered Level 1 of the Lair of Beasts
 17949 | Lair:1   | Reached skill level 5 in Evocations
 18900 | Lair:1   | Noticed a catoblepas
 18954 | Lair:1   | Killed a catoblepas
 19984 | Lair:2   | Found a frozen archway.
 20014 | IceCv    | Entered an ice cave
 20024 | IceCv    | Found a transporter.
 20033 | IceCv    | Found a transporter.
 20783 | Temple   | Entered the Ecumenical Temple
 20823 | D:7      | Fell from the grace of Ignis
 20823 | D:7      | Became a worshipper of Warmaster Okawaru
 21224 | Lair:2   | Found a staircase to the Swamp.
 21569 | Lair:2   | Reached XP level 13. HP: 104/113 MP: 14/14
 21937 | Lair:2   | Reached * piety under Okawaru
 21995 | Lair:2   | Found a staircase to the Snake Pit.
 22890 | Lair:2   | Reached skill level 10 in Shields
 23225 | Lair:2   | Reached ** piety under Okawaru
 23458 | Lair:3   | You fall into a shaft and drop 2 floors!
 23458 | Lair:5   | Entered Level 5 of the Lair of Beasts
 23716 | Lair:5   | Found a dark tunnel.
 23725 | Volcano  | Entered a volcano
 23961 | Volcano  | Reached *** piety under Okawaru
 24153 | Volcano  | Reached skill level 1 in Invocations
 24309 | Volcano  | Was forgiven by Ignis
 24798 | Volcano  | Noticed a fire dragon
 24833 | Volcano  | Killed a fire dragon
 24834 | Volcano  | Reached skill level 5 in Invocations
 25147 | Lair:5   | Reached **** piety under Okawaru
 25509 | Lair:5   | Reached XP level 14. HP: 107/126 MP: 18/18
 25915 | Lair:4   | Reached ***** piety under Okawaru
 26506 | Lair:3   | Reached skill level 10 in Evocations
 26511 | Lair:3   | Received a gift from Okawaru
 28472 | Lair:3   | Received a gift from Okawaru
 29996 | Lair:5   | Identified the ring "Ren Juim" {Fire rPois MP+9 Dex+4}
 30017 | Lair:5   | Reached XP level 15. HP: 74/132 MP: 21/21
 30192 | Lair:5   | Found a viscous altar of Jiyva.
 30192 | Lair:5   | Found a staircase to the Slime Pits.
 31226 | D:12     | Found a runed translucent gate.
 31226 | D:12     | Found a runed translucent gate.
 31228 | D:12     | Found a runed translucent gate.
 31230 | D:12     | Noticed Gottschkopf's ghost (journeyman DrSh)
 31983 | D:13     | Found a gate to the Vaults.
 32463 | D:13     | Found a roughly hewn altar of Beogh.
 32486 | D:13     | Reached skill level 10 in Invocations
 33217 | D:13     | Found a broken altar of Ashenzari.
 34420 | D:14     | Acquired 513 gold pieces
 34755 | D:14     | Received a gift from Okawaru
 35276 | D:14     | Noticed Snorg
 35298 | D:14     | Killed Snorg
 35548 | D:15     | Entered Level 15 of the Dungeon
 35550 | D:15     | Found Othrop's Firing Range.
 35908 | D:15     | Noticed Agnes
 36294 | D:15     | Reached XP level 16. HP: 125/139 MP: 27/27
 36301 | D:15     | Reached skill level 15 in Invocations
 36370 | D:15     | Found a staircase to the Depths.
 36682 | D:15     | Found Bokhoq's Assorted Antiques.
 37127 | D:15     | Found a runed translucent gate.
 37128 | D:15     | Found a runed translucent gate.
 37129 | D:15     | Found a runed translucent gate.
 37131 | D:15     | Noticed Tinttamiau's ghost (journeyman TrGl)
 37185 | D:15     | Killed Agnes
 37388 | D:15     | Bought a bloodstained plate armour for 840 gold pieces
 37388 | D:15     | Identified the +3 plate armour "Alage" {rF+} (You bought it
                  | in a shop on level 15 of the Dungeon)
 37650 | D:15     | Found Genlow's Weapon Shop.
 37859 | Orc:1    | Entered Level 1 of the Orcish Mines
 38270 | Orc:1    | Paralysed by an orc sorcerer for 2 turns
 38640 | Orc:2    | Entered Level 2 of the Orcish Mines
 38772 | Orc:2    | Found a staircase to the Elven Halls.
 39094 | Orc:2    | Noticed Rupert
 39115 | Orc:2    | Killed Rupert
 39135 | Orc:2    | Noticed Josephine
 39588 | Orc:2    | Killed Josephine
 40195 | Orc:2    | Reached skill level 15 in Fighting
 40469 | Orc:2    | Paralysed by an orc sorcerer for 2 turns
 40611 | Orc:2    | Paralysed by an orc sorcerer for 3 turns
 41456 | Orc:2    | Found Hevexiawk's Antique Armour Emporium.
 41457 | Orc:2    | Found Fosiwn's Antique Weapon Shoppe.
 41459 | Orc:2    | Found Reuboda Dyj's General Store.
 41459 | Orc:2    | Found Abliuni's Book Emporium.
 41695 | Orc:2    | Bought a potion of cancellation for 120 gold pieces
 41695 | Orc:2    | Bought a potion of enlightenment for 75 gold pieces
 41695 | Orc:2    | Bought a scroll of blinking for 112 gold pieces
 41695 | Orc:2    | Bought a potion of mutation for 120 gold pieces
 41695 | Orc:2    | Bought a scroll of teleportation for 45 gold pieces
 41695 | Orc:2    | Bought a scroll of teleportation for 45 gold pieces
 41963 | D:15     | Bought a scroll of enchant weapon for 225 gold pieces
 41963 | D:15     | Bought a scroll of fog for 120 gold pieces
 41963 | D:15     | Bought a scroll of revelation for 225 gold pieces
 41963 | D:15     | Bought a scroll of teleportation for 90 gold pieces
 41963 | D:15     | Bought a scroll of identify for 60 gold pieces
 42236 | Snake:1  | Entered Level 1 of the Snake Pit
 43478 | Snake:2  | Reached skill level 10 in Dodging
 44122 | Snake:2  | Found Cifal's General Store.
 44124 | Snake:2  | Found Rylo's Assorted Antiques.
 44126 | Snake:2  | Found Cail's Weapon Shop.
 44140 | Snake:2  | Reached XP level 17. HP: 125/156 MP: 28/28
 44196 | Snake:2  | Received a gift from Okawaru
 44450 | Snake:2  | Noticed Vashnia
 44711 | Snake:2  | Noticed Mlioglotl
 45014 | Swamp:1  | Entered Level 1 of the Swamp
 45045 | Swamp:1  | Got Vehumet's Compendium of Battle Magic
 49930 | Swamp:3  | Identified the +0 leather armour of the Eternal Void {rPois
                  | rF+ Will+ Int+3}
 50032 | Swamp:3  | Identified the +0 pair of gloves "Cuxetec" {+Blink Fly
                  | rElec Will-}
 50340 | Swamp:4  | Entered Level 4 of the Swamp
 51691 | Swamp:4  | Reached XP level 18. HP: 122/163 MP: 32/32
 51924 | Swamp:4  | Got a decaying rune of Zot
 52464 | Vaults:1 | Entered Level 1 of the Vaults
 54469 | Vaults:1 | Received a gift from Okawaru
 54895 | Vaults:1 | Paralysed by a formless jellyfish for 1 turns
 54911 | Vaults:1 | Slain by a war gargoyle

Illustrated notes

Levels and vault maps discovered:
D:1:      amcnicky_arrival_feature_with_door, layout_rooms
D:2:      minmay_wonky_spiral, layout_loops_ring, serial_shops,
          nicolae_shop_hallway_stairs
D:3:      layout_loops_cross, nicolae_uskayaw_suspiria
D:4:      layout_loops_cross, lightli_temple_of_fire,
          mainiacjoe_overflow_24_doors, nicolae_dithmenos_the_darkroom,
          minitemple, minmay_misc_feat_doors
D:5:      layout_loops_ring, uniq_eustachio, uniq_menkaure, uniq_sigmund,
          uniq_crazy_yiuf_cottage
D:6:      layout_rooms, nicolae_hepliaklqana_hazy_memory,
          mainiacjoe_overflow_chevrons, mainiacjoe_overflow_surrounded_room,
          regret_index_xom_of_box, serial_bayou_pond_b
D:7:      layout_gridville, okawaru_ov_weapons_minmay,
          minmay_temple_entry_overgrown, uniq_duvessa
D:8:      layout_rooms, columned_hall_lemuel
D:9:      layout_gridville, nicolae_overflow_crystal_walls,
          hellmonk_lair_entry_icy, st_stairs_14,
          onia_ninara_dug_in_and_dangerous
D:10:     layout_loops_ring, pdpol_wu_jian_five_deadly_venoms, zin_angel,
          orc_0_dummy, serial_shops, nicolae_shop_trees
D:11:     layout_loops_cross, kennysheep_cross_bottleneck
D:12:     layout_stronghold, gammafunk_ghost_split, minmay_misc_feat_enclosed
D:13:     layout_roguey [special_room_orc], lightli_vaults_fourway_checkpoint,
          nicolae_ashenzari_panopticon
D:14:     layout_roguey [special_room_bee], minivault_25,
          kennysheep_generic_room_14, uniq_snorg
D:15:     hellmonk_depths_entry_around_the_bend, layout_rooms,
          gammafunk_ghost_tricky_traps, eino_curves_04, serial_shops,
          nicolae_inconvenience_store, nicolae_shop_real_fake_doors,
          nicolae_shop_firing_range, uniq_agnes
Temple:   nicolae_temple_godpark
Lair:1:   layout_hall_layers, st_stairs_4
Lair:2:   layout_big_grid, mainiacjoe_swamp_entry_lozenge_pond,
          nicolae_snake_entry_warm_welcome, portal_ice_cave_rime
Lair:3:   layout_layer_cave, lemuel_fruit_fields, grunt_megastairs_1
Lair:4:   layout_loops_ring, grunt_megastairs_2, serial_bayou_shore_a,
          lemuel_fruit_tree
Lair:5:   minmay_lair_end_frog_pond, layout_regular_city,
          minmay_slime_entry_pillars, nicolae_volcano_entry_hallway,
          st_stairs_8, serial_bayou_shore_b
Swamp:1:  layout_basic_swamp, nicolae_swamp_very_dense_foliage, swamp_pool_3,
          infiniplex_staircase_pool
Swamp:2:  layout_falls_marsh, hangedman_swamp_cone
Swamp:3:  layout_basic_swamp, nicolae_swamp_big_swirl, swamp_pool_5,
          nicolae_swamp_orc_logging_accident
Swamp:4:  swamp_alternative, layout_basic_swamp
Snake:1:  layout_honeycomb
Snake:2:  layout_misc_corridors, minmay_shop_star, uniq_vashnia, uniq_mlioglotl
Orc:1:    minmay_goldmine, layout_diamond_mine
Orc:2:    st_orc_congregation, layout_diamond_mine, nicolae_orc_rockfall,
          uniq_rupert, uniq_josephine
Vaults:1: v_misc_29, vaults_room_guarded_vault, v_misc_23, v_rooms_2,
          dpeg_vaults_monster_box, vaults_room_pools, grunt_vaults_hallway_long,
          hangedman_vaults_slice, nicolae_vaults_ring_of_whatevers,
          hangedman_vaults_cutoff, hangedman_vaults_nails,
          nicolae_vaults_little_squares_6, nicolae_vaults_oval_intersection,
          nicolae_vaults_specimen_jars, vaults_room_stairs_pillars,
          layout_vaults_omnibox

Skill      XL: |  1  2  3  4  5  6  7  8  9 10 11 12 13 14 15 16 17 18 |
---------------+-------------------------------------------------------+-----
Axes           | 5 6 7 8 10 13 16 18 20 | 20.0
Fighting       | 5 10 12 15 | 15.0
Evocations     | 3 5 8 10 | 10.0
Armour         | 3 5 10 | 10.0
Shields        | 3 5 8 10 11 14 | 14.0
Dodging        | 5 8 10 | 10.0
Invocations    | 5 8 14 15 20 | 20.0
Spellcasting   | |  1.0
Fire Magic     | |  3.2

Action                     |  1- 3 |  4- 6 |  7- 9 | 10-12 | 13-15 | 16-18 || total
---------------------------+-------+-------+-------+-------+-------+-------++-------
  Melee: Hand axe          |    86 |   188 |     8 |       |    33 |       ||   315
         Punch             |     1 |     4 |       |       |       |       ||     5
         War axe           |       |       |   312 |   610 |    54 |    67 ||  1043
         Broad axe         |       |       |       |       |  1325 |  1503 ||  2828
  Throw: Dart              |       |    11 |     5 |    33 |       |       ||    49
         Boomerang         |       |       |     4 |       |    31 |    52 ||    87
 Invoke: Foxfire Swarm     |     2 |     2 |       |     5 |       |       ||     9
         Heroism           |       |       |       |       |    28 |    26 ||    54
         Finesse           |       |       |       |       |     4 |     2 ||     6
  Evoke: Wand              |       |       |    12 |     7 |     8 |    13 ||    40
         Condenser vane    |       |       |       |       |     1 |     1 ||     2
         Lightning rod     |       |       |       |       |       |     7 ||     7
    Use: Scroll            |       |     4 |     9 |    16 |     8 |    10 ||    47
         Potion            |       |       |     4 |     3 |     3 |     5 ||    15
   Stab: Invisible         |       |       |     3 |       |       |     1 ||     4
 Armour: Robe              |    47 |       |       |       |       |       ||    47
         Chain mail        |     6 |   122 |    23 |       |       |    75 ||   226
         Plate armour      |       |       |   331 |   484 |   548 |  1199 ||  2562
         Ring mail         |       |       |       |       |   591 |       ||   591
  Dodge: Dodged            |    50 |    42 |    76 |   131 |   326 |   316 ||   941
  Block: Buckler           |       |       |    51 |    38 |       |       ||    89
         Tower shield      |       |       |       |   103 |  1014 |  1015 ||  2132
